 Dungeon Crawl Stone Soup version 0.27-a0-1065-ge809cff456 (webtiles) character file.

Game seed: 3209284779312353121

151 shoop the Covert (level 5, -4/47 HPs)
             Began as a Gnoll Delver on Apr 24, 2021.
             Slain by Edmund
             ... wielding a +2 flail of holy wrath
              (7 damage)
             ... on level 4 of the Dungeon.
             The game lasted 00:07:12 (3150 turns).

shoop the Covert (Gnoll Delver)                     Turns: 3150, Time: 00:07:12

Health: -4/47      AC:  8    Str: 11    XL:     5   Next: 33%
Magic:  7/7        EV: 17    Int: 11    God:
Gold:   209        SH:  0    Dex: 13    Spells: 6/6 levels left

rFire    . . .     SeeInvis .   a - +0 falchion
rCold    . . .     Faith    .   (no shield)
rNeg     . . .     Spirit   .   b - +0 leather armour
rPois    .         Reflect  .   j - +0 helmet
rElec    .         Harm     .   q - scarf {+Inv}
rCorr    .         Rampage  .   (no gloves)
Will     .....                  (no boots)
Stlth    ++++......             (no amulet)
HPRegen  0.15/turn              v - +4 ring of protection
MPRegen  0.10/turn              n - +4 ring of evasion

@: no status effects
A: fangs 1, strong nose, distributed training
a: Evoke Invisibility


You were on level 4 of the Dungeon.
You visited 1 branch of the dungeon, and saw 5 of its levels.

You collected 209 gold pieces.

Inventory:

Hand Weapons
 a - a +0 falchion (weapon)
Missiles
 s - 6 atropa-tipped darts (quivered)
Armour
 b - a +0 leather armour (worn)
 j - a +0 helmet (worn)
 q - a scarf of invisibility (worn)
Jewellery
 n - a +4 ring of evasion (right hand)
 v - a +4 ring of protection (left hand)
Wands
 g - a wand of digging (3)
Scrolls
 c - a scroll of fog
 d - a scroll of magic mapping
 e - a scroll of fear
 o - 2 scrolls of enchant armour {unknown}
 p - a scroll of teleportation {unknown}
Potions
 f - a potion of haste
 h - a potion of brilliance {unknown}
 i - 3 potions of lignification {unknown}
 l - a potion of might
 m - a potion of curing
 r - 2 potions of attraction {unknown}
 t - a potion of invisibility
 u - a potion of degeneration


   Skills:
 + Level 6.7 Fighting
 + Level 1.4 Short Blades
 + Level 4.7 Long Blades
 + Level 1.4 Axes
 + Level 1.4 Maces & Flails
 + Level 1.4 Polearms
 + Level 1.4 Staves
 + Level 1.4 Slings
 + Level 1.4 Bows
 + Level 1.4 Crossbows
 + Level 1.4 Throwing
 + Level 1.4 Armour
 + Level 4.7 Dodging
 + Level 9.6 Stealth
 + Level 1.4 Shields
 + Level 1.4 Unarmed Combat
 + Level 1.4 Spellcasting
 + Level 1.1 Conjurations
 + Level 1.1 Hexes
 + Level 1.1 Summonings
 + Level 1.1 Necromancy
 + Level 1.1 Translocations
 + Level 1.1 Transmutations
 + Level 1.1 Fire Magic
 + Level 1.1 Ice Magic
 + Level 1.1 Air Magic
 + Level 1.1 Earth Magic
 + Level 1.1 Poison Magic
 + Level 1.6 Invocations
 + Level 1.4 Evocations


You had 6 spell levels left.
You didn't know any spells.
Your spell library contained the following spells:

 Spells                   Type           Power      Damage    Failure   Level
 Corona                   Hex            3%         N/A       26%         1
 Ensorcelled Hibernation  Hex/Ice        6%         N/A       36%         2
 Confusing Touch          Hex            3%         N/A       58%         3
 Dazzling Flash           Conj/Hex       6%         N/A       58%         3
 Tukima's Dance           Hex            3%         N/A       58%         3


Dungeon Overview and Level Annotations

Branches:
Dungeon (5/15)
 Temple: D:4-7

Altars:
Ashenzari

Annotations:
D:4 exclusion: necrophage, Edmund


Innate Abilities, Weirdness & Mutations

You have very sharp teeth.
Your uncanny sense of smell can sniff out nearby items.
Your experience applies equally to all skills.


Message History

Edmund is almost dead.
Edmund hits you with a +2 flail of holy wrath!
* * * LOW HITPOINT WARNING * * *
You barely miss Edmund.
Edmund is almost dead.
Edmund says, "What use are spells, anyway?"
Edmund misses you.
You riposte.
You closely miss Edmund.
Edmund is almost dead.
You hit Edmund but do no damage.
Edmund is almost dead.
Edmund misses you.
You riposte.
You hit Edmund but do no damage.
Edmund is almost dead.
You hit Edmund.
Edmund is almost dead.
Edmund hits you with a +2 flail of holy wrath!
* * * LOW HITPOINT WARNING * * *
You feel better.
Edmund hits you with a +2 flail of holy wrath!
* * * LOW HITPOINT WARNING * * *
You feel better. Edmund completely misses you.
You closely miss Edmund.
Edmund is almost dead.
Edmund misses you.
You hit Edmund but do no damage.
Edmund is almost dead.
Edmund misses you.
Edmund hits you with a +2 flail of holy wrath.
* * * LOW HITPOINT WARNING * * *
Throw: 8 darts (atropa)
Press: ? - help, Q - select action, (/) - cycle Shift-Dir - straight line, f - Edmund
Aim: Edmund, wielding a +2 flail of holy wrath and wearing a +0 scale mail (almost dead, 64% to hit, chance to blind on hit: 82%)
You throw an atropa-tipped dart.
The atropa-tipped dart closely misses Edmund.
Throw: 7 darts (atropa)
Press: ? - help, Q - select action, (/) - cycle Shift-Dir - straight line, f/p - Edmund
Aim: Edmund, wielding a +2 flail of holy wrath and wearing a +0 scale mail (almost dead, 64% to hit, chance to blind on hit: 80%)
You throw an atropa-tipped dart.
The atropa-tipped dart barely misses Edmund.
Edmund hits you with a +2 flail of holy wrath!
You die...

#.#######.######
#...##.#.## #.# # #.##
##.......## ###.#
#)###..)##...## #..)#
##.#.#†###...#. #.###
#..##.# #...## #.#
#######..##.###...##
##.###
...@.....##....###.#
.....#
########.#####.## ##.
.###.########...@@..(#
#.# #. .#
#..........########
#.## ##.
_###.##########
##.###.# .....#
##..)## ###### #####


You could see Edmund.

Vanquished Creatures
  A centaur skeleton (D:5)
  A hound zombie (D:5)
  An adder (D:2)
  A shadow imp (D:5)
  A worm (D:2)
  A dart slug (D:3)
  5 orcs
  10 ball pythons
  5 endoplasms
  6 giant cockroaches
  7 goblins
  10 hobgoblins
  4 jackals (D:4)
  A quokka (D:2)
  7 bats
  A frilled lizard (D:2)
  10 kobolds
  2 rats
74 creatures vanquished.

Vanquished Creatures (others)
  11 plants (D:1)
11 creatures vanquished.

Grand Total: 85 creatures vanquished

Notes
Turn   | Place    | Note
-------+----------+-------------------------------------------
     0 | D:5      | Reached skill level 9 in Stealth
     0 | D:5      | shoop the Gnoll Delver began the quest for the Orb.
     0 | D:5      | Reached XP level 1. HP: 23/23 MP: 1/1
    47 | D:4      | Noticed a necrophage
    86 | D:5      | Reached XP level 2. HP: 25/29 MP: 2/2
    91 | D:5      | Reached skill level 1 in Invocations
    91 | D:5      | Reached XP level 3. HP: 27/35 MP: 2/4
   176 | D:5      | Reached skill level 1 in Short Blades
   176 | D:5      | Reached skill level 1 in Axes
   176 | D:5      | Reached skill level 1 in Maces & Flails
   176 | D:5      | Reached skill level 1 in Polearms
   176 | D:5      | Reached skill level 1 in Staves
   176 | D:5      | Reached skill level 1 in Slings
   176 | D:5      | Reached skill level 1 in Bows
   176 | D:5      | Reached skill level 1 in Crossbows
   176 | D:5      | Reached skill level 1 in Throwing
   176 | D:5      | Reached skill level 1 in Armour
   176 | D:5      | Reached skill level 1 in Shields
   176 | D:5      | Reached skill level 1 in Unarmed Combat
   176 | D:5      | Reached skill level 1 in Spellcasting
   176 | D:5      | Reached skill level 1 in Evocations
   310 | D:4      | Reached XP level 4. HP: 38/41 MP: 5/5
   338 | D:4      | Noticed Edmund
  1040 | D:1      | Reached skill level 1 in Conjurations
  1040 | D:1      | Reached skill level 1 in Hexes
  1040 | D:1      | Reached skill level 1 in Summonings
  1040 | D:1      | Reached skill level 1 in Necromancy
  1040 | D:1      | Reached skill level 1 in Translocations
  1040 | D:1      | Reached skill level 1 in Transmutations
  1040 | D:1      | Reached skill level 1 in Fire Magic
  1040 | D:1      | Reached skill level 1 in Ice Magic
  1040 | D:1      | Reached skill level 1 in Air Magic
  1040 | D:1      | Reached skill level 1 in Earth Magic
  1040 | D:1      | Reached skill level 1 in Poison Magic
  1367 | D:1      | Found a faded altar of an unknown god.
  2011 | D:2      | Reached XP level 5. HP: 43/47 MP: 6/6
  3042 | D:4      | Noticed a necrophage
  3078 | D:4      | Found a broken altar of Ashenzari.
  3150 | D:4      | Slain by Edmund

Illustrated notes

Levels and vault maps discovered:
D:1:      amcnicky_arrival_gap_in_the_tavern_cellar, layout_basic,
          shapermc_ecumenical_altar_flowoftime, serial_bayou_lagoon_a,
          hangedman_decor_riveting, serial_bayou_pond_e
D:2:      minmay_diamond_boxcup, layout_basic
D:3:      kb_forest_paths, layout_basic
D:4:      layout_loops_ring, overflow_temple_1_default,
          minmay_temple_entry_statues_pillars, uniq_edmund
D:5:      layout_cave_pods

Skill      XL: |  1  2  3  4 |
---------------+-------------+-----
Stealth        | |  9.6
Invocations    | 1 |  1.6
Short Blades   | 1 |  1.4
Axes           | 1 |  1.4
Maces & Flails | 1 |  1.4
Polearms       | 1 |  1.4
Staves         | 1 |  1.4
Slings         | 1 |  1.4
Bows           | 1 |  1.4
Crossbows      | 1 |  1.4
Throwing       | 1 |  1.4
Armour         | 1 |  1.4
Shields        | 1 |  1.4
Unarmed Combat | 1 |  1.4
Spellcasting   | 1 |  1.4
Evocations     | 1 |  1.4
Conjurations   | 1 |  1.1
Hexes          | 1 |  1.1
Summonings     | 1 |  1.1
Necromancy     | 1 |  1.1
Translocations | 1 |  1.1
Transmutations | 1 |  1.1
Fire Magic     | 1 |  1.1
Ice Magic      | 1 |  1.1
Air Magic      | 1 |  1.1
Earth Magic    | 1 |  1.1
Poison Magic   | 1 |  1.1
Fighting       | |  6.7
Long Blades    | |  4.7
Dodging        | |  4.7

Action                   |  1- 3 |  4- 6 || total
-------------------------+-------+-------++-------
Melee: Falchion          |    29 |   202 ||   231
       Bite              |     2 |    18 ||    20
       Punch             |       |     1 ||     1
Throw: Dart              |       |     2 ||     2
  Use: Scroll            |       |     3 ||     3
       Potion            |       |     3 ||     3
 Stab: Sleeping          |       |    27 ||    27
Armor: Leather armour    |     8 |    52 ||    60
Dodge: Dodged            |    18 |   125 ||   143
       Rpst.: Falchion   |     9 |    33 ||    42

Table legend: (Time is in decaauts)
 A = Elapsed time spent in this place.
 B = Non-inter-level travel time spent in this place.
 C = Inter-level travel time spent in this place.
 D = Time resting spent in this place.
 E = Time spent auto-exploring this place.
 F = Levels seen in this place.
 G = Mean time per level.
                   A        B        C        D        E       F      G
               +--------+--------+--------+--------+--------+-----+--------+
         Total |   3187 |   3028 |    159 |      4 |   2393 |   5 |  637.4 |
       Dungeon |   3187 |   3028 |    159 |      4 |   2393 |   5 |  637.4 |
               +--------+--------+--------+--------+--------+-----+--------+

Top non-repeatable levels by time:
     D:1: 1002 daAuts
     D:3: 847 daAuts
     D:2: 702 daAuts
     D:4: 398 daAuts
     D:5: 236 daAuts
